 Dungeon Crawl Stone Soup version 0.29-a0-885-gb26ba3297d (webtiles) character file.

Game seed: 18271902861828730987

219 jimonade the Covert (level 6, -1/36 HPs)
             Began as a Kobold Brigand on July 21, 2022.
             Splashed by a jelly's acid (6 damage)
             ... on level 4 of the Dungeon.
             The game lasted 00:03:55 (3001 turns).

jimonade the Covert (Kobold Brigand)                Turns: 3001, Time: 00:03:56

Health: -1/36      AC:  1    Str:  8    XL:     6   Next: 18%
Magic:  7/7        EV: 14    Int: 13    God:
Gold:   125        SH:  0    Dex: 18    Spells: 6/6 levels left

rFire   . . .      SeeInvis .   a - +2 dagger
rCold   . . .      Faith    .   (no shield)
rNeg    . . .      Spirit   .   l - +0 leather armour
rPois   .          Reflect  .   (no helmet)
rElec   .          Harm     .   c - +0 cloak
rCorr   .          Rampage  .   (no gloves)
Will    .....                   r - +0 pair of boots
Stlth   +++++.....              v - amulet of magic regeneration
HPRegen 0.12/turn               w - ring of flight
MPRegen 0.50/turn               (no ring)

@: corroded, flying
A: small, no large weapons, nightstalker 3
a: no special abilities


You were on level 4 of the Dungeon.
You visited 1 branch of the dungeon, and saw 4 of its levels.

You collected 125 gold pieces.

Inventory:

Hand Weapons
 a - a +2 dagger (weapon)
 q - a +0 sling
 x - a +0 spear
Missiles
 d - 9 poisoned darts (quivered)
 e - 3 curare-tipped darts
Armour
 b - a +0 robe
 c - a +0 cloak (worn)
 h - a +0 chain mail
 l - a +0 leather armour (worn)
 r - a +0 pair of boots (worn)
Jewellery
 v - an amulet of magic regeneration (around neck)
 w - a ring of flight (left hand)
Scrolls
 f - 2 scrolls of vulnerability {unknown}
 i - 4 scrolls of identify {unknown}
 k - 2 scrolls of teleportation {unknown}
 s - a scroll of magic mapping {unknown}
 u - a scroll of fear {unknown}
Potions
 g - 3 potions of lignification {unknown}
 j - a potion of curing {unknown}
 m - 3 potions of degeneration {unknown}
 n - a potion of flight {unknown}
 o - a potion of ambrosia {unknown}
 p - a potion of brilliance {unknown}
 t - a potion of cancellation {unknown}


   Skills:
 + Level 2.5 Fighting
 + Level 3.8 Short Blades
 - Level 2.1 Throwing
 + Level 0.7 Armour
 + Level 2.0 Dodging
 * Level 8.4 Stealth
 * Level 0.9 Spellcasting


You had 6 spell levels left.
You didn't know any spells.
Your spell library contained the following spells:

 Spells                   Type           Power      Damage    Failure   Level
 Summon Ice Beast         Ice/Summ       0%         N/A       99%         4
 Summon Mana Viper        Hex/Summ       0%         N/A       100%        5
 Monstrous Menagerie      Summ           0%         N/A       100%        7


Dungeon Overview and Level Annotations

Branches:
Dungeon (4/15)
 Temple: D:4-7

Altars:
Hepliaklqana
Ru
Trog


Innate Abilities, Weirdness & Mutations

You are small and have problems with some larger weapons.
You are completely attuned to the shadows.


Message History

x - a +0 spear
k - 2 scrolls labelled CUEGIUTHRYIRA (gained 1)
i - 4 scrolls labelled BESELU HUIMNO (gained 1)
An endoplasm comes into view.
A jelly comes into view.
The endoplasm quivers.
You hit the endoplasm.
The endoplasm is heavily wounded.
The endoplasm hits you but does no damage.
The jelly quivers.
The endoplasm attacks as you move away! The endoplasm misses you.
The endoplasm attacks as you move away! The endoplasm completely misses you.
You hit the endoplasm.
The endoplasm is heavily wounded.
The endoplasm barely misses you.
You hit the jelly. The acid corrodes you!
Your hands burn!
The jelly is lightly wounded.
You hit the jelly.
Your hands burn!
The jelly is lightly wounded.
The jelly hits you but does no damage.
You hit the jelly but do no damage.
Your hands burn!
The jelly is lightly wounded.
The jelly closely misses you.
You hit the jelly.
Your hands burn!
The jelly is moderately wounded.
The jelly completely misses you.
You hit the jelly but do no damage.
Your hands burn!
The jelly is moderately wounded.
The jelly hits you. The acid corrodes you!
You are splashed with acid!
You hit the jelly.
Your hands burn!
* * * LOW HITPOINT WARNING * * *
The jelly is heavily wounded.
You are too injured to fight recklessly!
You hit the jelly.
Your hands burn!
* * * LOW HITPOINT WARNING * * *
The jelly is severely wounded.
The jelly hits you.
* * * LOW HITPOINT WARNING * * *
You are splashed with acid.
You die...

........#####......##.#
.J.....................
####...#.###.......####
#...#..##.......#
#...............#
#J..............#
#.#####.##.......
#.#####..#......#
#JJ@............#
########.###.####
##.###.#### ...#...)..#
########.#.)....#
#......#....)...#
#.#..#.#........#
#.#...<#...#.####
#.#..#.#.#.#.#


You could see a jelly and an endoplasm.

Vanquished Creatures
  A phantom (D:4)
  An orc wizard (D:4)
  4 adders (D:2)
  A worm (D:2)
  2 dart slugs (D:3)
  2 orcs (D:4)
  5 ball pythons
  4 endoplasms
  3 giant cockroaches
  9 goblins
  5 hobgoblins
  6 jackals
  5 quokkas
  8 bats
  5 frilled lizards
  2 kobolds
  7 rats
70 creatures vanquished.

Notes
Turn   | Place    | Note
-------+----------+-------------------------------------------
     0 | D:1      | jimonade the Kobold Brigand began the quest for the Orb.
     0 | D:1      | Reached XP level 1. HP: 12/12 MP: 1/1
   117 | D:1      | Reached XP level 2. HP: 16/17 MP: 2/2
   206 | D:1      | Reached skill level 6 in Stealth
   438 | D:1      | Reached XP level 3. HP: 21/21 MP: 3/3
  1042 | D:2      | Reached skill level 7 in Stealth
  1410 | D:2      | Found a faded altar of an unknown god.
  1472 | D:2      | Reached XP level 4. HP: 22/26 MP: 4/4
  1715 | D:2      | Found a hazy altar of Hepliaklqana.
  1991 | D:3      | Found a bloodstained altar of Trog.
  2226 | D:3      | Reached XP level 5. HP: 30/30 MP: 5/5
  2292 | D:3      | Found a sacrificial altar of Ru.
  2880 | D:4      | Noticed a phantom
  2882 | D:4      | Killed a phantom
  2883 | D:4      | Reached skill level 8 in Stealth
  2883 | D:4      | Reached XP level 6. HP: 36/36 MP: 5/7
  3001 | D:4      | Splashed by a jelly's acid

Illustrated notes

Levels and vault maps discovered:
D:1:      dpeg_arrival_ternary, layout_loops_ring, minmay_pentomino_r4
D:2:      layout_rooms, basic_ecumenical_altar, basic_altar
D:3:      layout_basic, trog_three_pillars_becter, nicolae_ru_awakened_eye,
          minmay_misc_feat_chi
D:4:      layout_basic, gammafunk_temple_overflow_statue,
          wad_floor_pattern_untrapped

Skill      XL: |  1  2  3  4  5 |
---------------+----------------+-----
Stealth        | 6 7 8 |  8.4
Short Blades   | 3 |  3.8
Dodging        | 2 |  2.0
Fighting       | |  2.5
Throwing       | |  2.1
Armour         | |  0.7
Spellcasting   | |  0.9

Action                   |  1- 3 |  4- 6 || total
-------------------------+-------+-------++-------
Melee: Dagger            |    80 |    90 ||   170
 Stab: Sleeping          |    21 |    22 ||    43
       Distracted        |     1 |     2 ||     3
Armor: Robe              |    12 |       ||    12
       Leather armour    |     6 |    11 ||    17
Dodge: Dodged            |    45 |    52 ||    97

Table legend: (Time is in decaauts)
 A = Elapsed time spent in this place.
 B = Non-inter-level travel time spent in this place.
 C = Inter-level travel time spent in this place.
 D = Time resting spent in this place.
 E = Time spent auto-exploring this place.
 F = Levels seen in this place.
 G = Mean time per level.
                   A        B        C        D        E       F      G
               +--------+--------+--------+--------+--------+-----+--------+
         Total |   2976 |   2836 |    140 |    313 |   2035 |   4 |  744.0 |
       Dungeon |   2976 |   2836 |    140 |    313 |   2035 |   4 |  744.0 |
               +--------+--------+--------+--------+--------+-----+--------+

Top non-repeatable levels by time:
     D:1: 1326 daAuts
     D:3: 927 daAuts
     D:2: 598 daAuts
     D:4: 123 daAuts
